 Dungeon Crawl Stone Soup version 0.20.1-1-g8b1a95d (webtiles) character file.

252 yevrey the Stinger (level 5, -2/39 HPs)
             Began as a Draconian Venom Mage on Oct 20, 2017.
             Slain by rgaf's ghost (6 damage)
             ... in an ossuary.
             The game lasted 00:14:14 (3439 turns).

yevrey the Stinger (Draconian Venom Mage)           Turns: 3439, Time: 00:14:14

Health: -2/39      AC:  5    Str: 11    XL:     5   Next: 89%
Magic:  10/10      EV: 12    Int: 21    God:
Gold:   139        SH:  0    Dex: 11    Spells: 5/11 levels left

rFire    . . .     SeeInvis .   d - +3 short sword
rCold    . . .     Gourm    .   (no shield)
rNeg     . . .     Faith    .   (armour unavailable)
rPois    .         Spirit   .   (helmet restricted)
rElec    .         Reflect  .   (no cloak)
rCorr    .         Harm     .   (no gloves)
MR       .....                  (no boots)
Stlth    ++........             (no amulet)
Regen    0.2/turn               (no ring)
MPRegen  0.2/turn               (no ring)

@: brilliant
A: unfitting armour, cold-blooded, AC +5
a: no special abilities


You were in an ossuary.
You were not hungry.

You visited 1 branch of the dungeon, and saw 4 of its levels.
You also visited: Ossuary.

You collected 139 gold pieces.

Inventory:

Hand Weapons
 d - a +3 short sword (weapon)
Missiles
 m - 6 javelins (quivered)
Jewellery
 v - an uncursed ring of positive energy {unknown}
Wands
 q - a wand of random effects (16/48)
Scrolls
 f - 2 scrolls of remove curse
Potions
 c - a potion of flight
 e - a potion of might {unknown}
 h - a potion of ambrosia {unknown}
 l - a potion of brilliance
 o - a potion of berserk rage {unknown}
 p - a potion of haste {unknown}
 r - a potion of lignification {unknown}
Books
 a - a Young Poisoner's Handbook

   Spells                             Type                      Level
   a - Sting                          Conjuration/Poison           1
   b - Poisonous Vapours              Poison/Air                   2
   c - Mephitic Cloud                 Conjuration/Poison/Air       3
   d - Olgreb's Toxic Radiance        Poison                       4
   e - Venom Bolt                     Conjuration/Poison           5
Comestibles
 b - 2 bread rations
 k - a royal jelly


   Skills:
 + Level 0.9 Fighting
 - Level 2.0 Dodging
 - Level 2.0 Stealth
 + Level 0.8 Unarmed Combat
 + Level 3.8 Spellcasting
 + Level 1.6 Conjurations
 + Level 1.8 Air Magic
 + Level 4.4 Poison Magic


You had 5 spell levels left.
You knew the following spells:

 Your Spells              Type           Power        Failure   Level  Hunger
a - Sting                 Conj/Pois      ####         1%          1    None
b - Poisonous Vapours     Pois/Air       ####..       1%          2    #......
c - Mephitic Cloud        Conj/Pois/Air  ####....     1%          3    ###....


Dungeon Overview and Level Annotations

Branches:
Dungeon (4/15)
 Temple: D:4-7

Altars:
Qazlal
Xom
Yredelemnul

Shops:
D:4 (*

Annotations:
D:4 sambo's ghost, novice FoFi Ossuary rgaf's ghost, amateur DrTm


Innate Abilities, Weirdness & Mutations

Your plain brown scales are hard. (AC +5)
You cannot fit into any form of body armour.
You are cold-blooded and may be slowed by cold attacks.


Message History

Rgaf's ghost is lightly damaged.
Rgaf's ghost barely misses you. The orc zombie hits you.
* * * LOW HITPOINT WARNING * * *
You barely miss rgaf's ghost.
Rgaf's ghost is lightly damaged.
Rgaf's ghost hits you.
* * * LOW HITPOINT WARNING * * *
You feel better. The orc zombie misses you. Rgaf's ghost hits you!
* * * LOW HITPOINT WARNING * * *
You closely miss rgaf's ghost.
Your tail-slap misses rgaf's ghost.
Rgaf's ghost is lightly damaged.
Rgaf's ghost closely misses you. The orc zombie closely misses you.
You closely miss rgaf's ghost.
Rgaf's ghost is lightly damaged.
Rgaf's ghost hits you!
* * * LOW HITPOINT WARNING * * *
The orc zombie hits you but does no damage.
There is a gate leading back out of this place here.
Rgaf's ghost hits you.
You die...

######################
#.....ZZ.W@∩.........#
#.....ZZZZ...........#
#...##############...#
#...# # #.Z.# #.ZZ#
#ZZ.# #..Z# #...#


You could see rgaf's ghost, 3 kobold zombies and 3 orc zombies.

Vanquished Creatures
  2 orc priests (D:4)
  2 orc wizards
  A worker ant (D:4)
  4 gnolls (D:2)
  3 adders (D:2)
  A dart slug (D:1)
  3 orcs (D:4)
  3 bats (D:1)
  3 goblins (D:2)
  8 hobgoblins
  3 jackals (D:2)
  7 frilled lizards
  3 hobgoblin zombies (Ossuary)
  7 kobolds
  An orc zombie (Ossuary)
  5 rats (D:1)
56 creatures vanquished.

Notes
Turn   | Place    | Note
-------+----------+-------------------------------------------
     0 | D:1      | yevrey the Draconian Venom Mage began the quest for the Orb.
     0 | D:1      | Reached XP level 1. HP: 14/14 MP: 3/3
   601 | D:1      | Reached XP level 2. HP: 20/20 MP: 3/5
   605 | D:1      | Learned a level 2 spell: Poisonous Vapours
  1297 | D:2      | Reached XP level 3. HP: 27/27 MP: 3/6
  1302 | D:2      | Learned a level 3 spell: Mephitic Cloud
  1683 | D:2      | Found a shimmering altar of Xom.
  1934 | D:2      | Reached XP level 4. HP: 16/34 MP: 1/8
  2042 | D:2      | Reached skill level 1 in Air Magic
  2836 | D:3      | Found a stormy altar of Qazlal.
  2926 | D:3      | Reached skill level 4 in Poison Magic
  2926 | D:3      | Reached XP level 5. HP: 32/39 MP: 1/10
  3029 | D:4      | Noticed sambo's ghost (novice FoFi)
  3030 | D:4      | Found a basalt altar of Yredelemnul.
  3182 | D:4      | Found Zegucie's Assorted Antiques.
  3281 | D:4      | Found a sand-covered staircase.
  3284 | D:4      | Found Jatuep's Weapon Shop.
  3353 | Ossuary  | Entered an ossuary
  3375 | Ossuary  | Noticed rgaf's ghost (amateur DrTm)
  3409 | Ossuary  | HP: 1/39 [orc zombie (2)]
  3439 | Ossuary  | Slain by rgaf's ghost

Skill      XL: |  1  2  3  4 |
---------------+-------------+-----
Dodging        | 2 |  2.0
Stealth        | 2 |  2.0
Spellcasting   | 3 |  3.8
Air Magic      | 1 |  1.8
Poison Magic   | 4 |  4.4
Fighting       | |  0.9
Unarmed Combat | |  0.8
Conjurations   | |  1.6

Action                   |  1- 3 |  4- 6 || total
-------------------------+-------+-------++-------
Melee: Unarmed           |    48 |    31 ||    79
       Tailslap          |     2 |     9 ||    11
       Short sword       |       |    18 ||    18
 Cast: Sting             |    27 |     7 ||    34
       Poisonous Vapours |    18 |    23 ||    41
       Mephitic Cloud    |     1 |       ||     1
  Use: Potion            |       |     6 ||     6
       Scroll            |       |     5 ||     5
  Eat: Chunk             |     4 |     7 ||    11
Armor: Skin              |    21 |    13 ||    34
Dodge: Dodged            |    45 |    58 ||   103
